 Dungeon Crawl Stone Soup version 0.31-a0-675-g238779eb0a (webtiles) character file.

Game seed: 16036269622397594847

228 arthad the Digger (level 5, -3/40 HPs)
             Began as a Draconian Earth Elementalist on Sept 5, 2023.
             Was a Follower of the Shining One.
             Slain by a skyshark (5 damage)
             ... on level 4 of the Dungeon.
             The game lasted 00:05:03 (3301 turns).

arthad the Digger (Draconian Earth Elementalist)    Turns: 3301, Time: 00:05:04

Health: -3/40      AC:  9    Str: 11    XL:     5   Next: 71%
Magic:  8/9        EV: 12    Int: 17    God:    the Shining One [*.....]
Gold:   157        SH:  0    Dex: 11    Spells: 3/9 levels left

rFire   . . .        (no weapon)
rCold   . . .        (no shield)
rNeg    . . .        (body armour unavailable)
rPois   .            (helmet restricted)
rElec   .            (no cloak)
rCorr   .            l - +0 pair of gloves
SInv    .            n - +2 pair of boots
Will    .....        e - amulet of regeneration
Stlth   +            (no ring)
HPRegen 1.06/turn    (no ring)
MPRegen 0.11/turn

%: no passive effects
@: silenced, glowing
A: AC +5, unfitting armour, cold-blooded
a: Renounce Religion


You were on level 4 of the Dungeon.
You worshipped the Shining One.
The Shining One was aware of your devotion.
You visited 1 branch of the dungeon, and saw 4 of its levels.

You collected 157 gold pieces.

Inventory:

Armour
 l - a +0 pair of gloves (worn)
 n - a +2 pair of boots (worn)
Jewellery
 e - an amulet of regeneration (around neck)
Wands
 q - a wand of polymorph (7)
Scrolls
 b - 2 scrolls of poison
 c - 4 scrolls of identify {unknown}
 i - a scroll of revelation {unknown}
 o - a scroll of blinking {unknown}
 p - a scroll of fear {unknown}
Potions
 a - a potion of magic
 f - a potion of lignification {unknown}
 g - a potion of curing
 h - a potion of enlightenment {unknown}
 j - a potion of might {unknown}
 k - 2 potions of attraction {unknown}
 m - 2 potions of brilliance {unknown}


   Skills:
 + Level 1.4 Fighting
 + Level 2.4 Dodging
 - Level 2.0 Stealth
 * Level 2.8 Spellcasting
 * Level 1.9 Conjurations
 * Level 2.3 Transmutations
 * Level 3.7 Earth Magic
 * Level 2.0 Invocations


You had 3 spell levels left.
You knew the following spells:

 Your Spells              Type           Power      Damage    Failure   Level
a - Sandblast             Erth           30%        2d9       3%          1
b - Passwall              Tmut/Erth      10%        N/A       8%          2
c - Stone Arrow           Conj/Erth      24%        3d8       17%         3

Your spell library contained the following spells:

 Spells                   Type           Power      Damage    Failure   Level
 Petrify                  Tmut/Erth      12%        N/A       45%         4
 Haunt                    Necr/Summ      1%         N/A       100%        7
 Borgnjor's Revivificati  Necr           1%         N/A       100%        8
 Death's Door             Necr           1%         N/A       100%        9


Dungeon Overview and Level Annotations

Branches:
Dungeon (4/15)
 Temple: D:4-7

Altars:
Cheibriados
Fedhas
The Shining One


Innate Abilities, Weirdness & Mutations

Your plain brown scales are hard. (AC +5)
You cannot fit into any form of body armour.
You are cold-blooded and may be slowed by cold attacks.


Message History

Aiming: Polymorph
Press: ? - help, Shift-Dir - straight line, f/p - skyshark
Aim: a skyshark (will become a fire dragon, an eye of devastation, or a glowing orange brain, chance to affect: 31%)
The skyshark easily resists.
The air fills with toxic fumes!
As you read the scroll labelled UPHYPPEA HASUR, it crumbles to dust.
It was a scroll of poison.
The skyshark hisses menacingly.
Press: ? - help, v - describe, . - travel
Here: a skyshark (poison gas, haloed)
The floor.
Aiming: Sandblast (safe; 3% risk of failure)
Press: ? - help, Q - select action, (/) - cycle Shift-Dir - straight line, f/p - skyshark
Aim: a skyshark (poison gas, haloed, 90% to hit)
The blast of sand hits the skyshark.
The skyshark is lightly wounded.
The skyshark is engulfed in poison gas.
The skyshark is poisoned.
The skyshark bites you.
The skyshark tastes blood and grows stronger!
The skyshark tail-slaps you but does no damage.
The skyshark tail-slaps you.
The skyshark looks even sicker.
The skyshark bites you!!
Ouch! That really hurt!
The skyshark enters a blood-rage!
The skyshark tail-slaps you!
* * * LOW HITPOINT WARNING * * *
The skyshark tail-slaps you!
* * * LOW HITPOINT WARNING * * *
As you read the scroll labelled OCZAMAA BEBAL, it crumbles to dust.
A profound silence engulfs you.
It was a scroll of silence.
The skyshark is engulfed in poison gas.
The skyshark looks even sicker.
The skyshark barely misses you. The skyshark tail-slaps you.
* * * LOW HITPOINT WARNING * * *
The skyshark closely misses you.
Magic scrolls do not work when you're silenced!
You feel better.
The skyshark is engulfed in poison gas.
The skyshark looks as sick as possible!
The skyshark misses you. The skyshark tail-slaps you!
* * * LOW HITPOINT WARNING * * *
The skyshark tail-slaps you.
You die...

.........##
§§§§§§§§§§#
§§§§§§§§§§#
§§§§§§§§§§# #
§§§§§§§§§§# #
§§§§§§§§§§# #
.. §§§§§.§§§§#
#####.#
§§§§§§l§§§#
.......
§§§§§§§@§§#
.......
§§§###§#§§§§§#
O...... ..#
#§#§§§§§#
.....## #.
#§.§§§§§§§
..##.##
#§.§§§§§§§
....... #§
§§§§§§§
....... #§
§§§§§§§
.####.. §§
§§§§§§§
....###


You could see a skyshark (berserk, extremely poisoned).

Vanquished Creatures
  A phantom (D:4)
  An orc priest (D:2)
  A sleepcap (D:3)
  A mummy (D:3)
  An adder (D:3)
  A dart slug (D:4)
  4 orcs
  9 endoplasms
  10 goblins
  2 hobgoblins
  2 jackals (D:2)
  6 quokkas
  6 ball pythons
  8 bats
  A frilled lizard (D:3)
  9 kobolds
  3 rats
66 creatures vanquished.

Notes
Turn   | Place    | Note
-------+----------+-------------------------------------------
     0 | D:1      | arthad the Draconian Earth Elementalist began the quest for
                  | the Orb.
     0 | D:1      | Reached XP level 1. HP: 14/14 MP: 3/3
   268 | D:1      | Found a faded altar of an unknown god.
   284 | D:1      | Reached XP level 2. HP: 20/20 MP: 0/5
   288 | D:1      | Prayed at the altar of an unknown god.
   288 | D:1      | Became a worshipper of the Shining One
   288 | D:1      | Reached * piety under the Shining One
   967 | D:2      | Reached XP level 3. HP: 27/27 MP: 0/6
  1128 | D:2      | Learned a level 2 spell: Passwall
  1406 | D:2      | Reached skill level 1 in Invocations
  1450 | D:2      | Reached skill level 1 in Conjurations
  1640 | D:2      | Reached XP level 4. HP: 34/34 MP: 5/7
  1653 | D:2      | Learned a level 3 spell: Stone Arrow
  2332 | D:3      | Found a snail-covered altar of Cheibriados.
  2585 | D:3      | Reached skill level 1 in Fighting
  3005 | D:4      | Noticed a phantom
  3018 | D:4      | Killed a phantom
  3019 | D:4      | Reached XP level 5. HP: 40/40 MP: 2/9
  3142 | D:4      | Found a blossoming altar of Fedhas.
  3150 | D:4      | Noticed a two-headed ogre
  3295 | D:4      | a two-headed ogre changed into a steelbarb worm
  3295 | D:4      | Noticed a steelbarb worm
  3296 | D:4      | a steelbarb worm changed into a skyshark
  3296 | D:4      | Noticed a skyshark
  3299 | D:4      | HP: 1/40 [skyshark (8)]
  3301 | D:4      | Slain by a skyshark

Illustrated notes

Levels and vault maps discovered:
D:1:      heliophobic_arrival_battle_scene, layout_basic,
          basic_ecumenical_altar, minmay_cupped
D:2:      layout_loops_ring
D:3:      layout_basic, slow_altar_1
D:4:      layout_rooms, fedhas_altar_3, minitemple, bh_walls_and_bars

Skill      XL: |  1  2  3  4  5 |
---------------+----------------+-----
Stealth        | 2 |  2.0
Dodging        | 2 |  2.4
Invocations    | 1 2 |  2.0
Conjurations   | 1 |  1.9
Fighting       | 1 |  1.4
Transmutations | 2 |  2.3
Spellcasting   | |  2.8
Earth Magic    | |  3.7

Action                     |  1- 3 |  4- 6 || total
---------------------------+-------+-------++-------
  Melee: Unarmed           |    20 |     6 ||    26
         Tailslap          |     1 |     1 ||     2
   Cast: Sandblast         |    55 |    54 ||   109
  Evoke: Wand              |       |     4 ||     4
    Use: Potion            |       |     2 ||     2
         Scroll            |       |     2 ||     2
 Armour: Skin              |    30 |    38 ||    68
  Dodge: Dodged            |    32 |    29 ||    61

Table legend: (Time is in decaauts)
 A = Elapsed time spent in this place.
 B = Non-inter-level travel time spent in this place.
 C = Inter-level travel time spent in this place.
 D = Time resting spent in this place.
 E = Time spent auto-exploring this place.
 F = Levels seen in this place.
 G = Mean time per level.
                   A        B        C        D        E       F      G
               +--------+--------+--------+--------+--------+-----+--------+
         Total |   3355 |   3190 |    165 |      0 |   2714 |   4 |  838.8 |
       Dungeon |   3355 |   3190 |    165 |      0 |   2714 |   4 |  838.8 |
               +--------+--------+--------+--------+--------+-----+--------+

Top non-repeatable levels by time:
     D:3: 1113 daAuts
     D:1: 1102 daAuts
     D:2: 889 daAuts
     D:4: 251 daAuts
